 Dungeon Crawl Stone Soup version 0.31-a0-702-gf82c85558f (webtiles) character file.

Game seed: 4947324068960472265

93 qw the Shooter (level 4, 0/28 HPs)
             Began as a Gargoyle Hunter on Sept 8, 2023.
             Slain by Sigmund
             ... wielding a +0 scythe
              (8 damage)
             ... on level 4 of the Dungeon.
             The game lasted 00:00:40 (1833 turns).

qw the Shooter (Gargoyle Hunter)                    Turns: 1833, Time: 00:00:41

Health: 0/28       AC: 10    Str: 14    XL:     4   Next: 62%
Magic:  4/4        EV: 11    Int: 10    God:
Gold:   207        SH:  0    Dex: 15    Spells: 3/3 levels left

rFire   . . .        Y - +1 shortbow
rCold   . . .        (shield currently unavailable)
rNeg    + . .        d - +2 leather armour {rPois}
rPois   inf          e - +0 helmet
rElec   +            (no cloak)
rCorr   .            i - +0 pair of gloves
SInv    .            (no boots)
Will    .....        (no amulet)
Stlth   +            (no ring)
HPRegen 0.24/turn    (no ring)
MPRegen 0.09/turn

%: no passive effects
@: confused
A: sickness immunity, AC +3, negative energy resistance 1, electricity
resistance, torment resistance 1, petrification resistance
a: no special abilities


You were on level 4 of the Dungeon.
You visited 1 branch of the dungeon, and saw 4 of its levels.

You collected 207 gold pieces.


Innate Abilities, Weirdness & Mutations

You are immune to sickness and miasma.
Your stone body is resilient. (AC +3)
You are immune to poison.
You resist negative energy. (rN+)
You are resistant to electric shocks. (rElec)
You are resistant to unholy torment.
You are immune to petrification.


   Skills:
 - Level 3.5 Fighting
 + Level 5.1 Ranged Weapons
 - Level 1.0 Armour
 - Level 1.5 Dodging
 - Level 1.1 Stealth


You had 3 spell levels left.
You didn't know any spells.
Your spell library was empty.

Inventory:

Hand Weapons
 Y - a +1 shortbow (weapon)
Armour
 d - a +2 leather armour of poison resistance (worn)
 e - a +0 helmet (worn)
 i - a +0 pair of gloves (worn)
Scrolls
 a - 5 scrolls of teleportation
 g - a scroll of identify
Potions
 b - 2 potions of curing
 f - a potion of heal wounds

Dungeon Overview and Level Annotations

Branches:
Dungeon (4/15)
 Temple: D:4-7

Altars:

Annotations:
D:3 1 runed translucent door, qw's ghost, amateur GrHu
D:4 Sigmund


Message History

You shoot an arrow. The arrow hits Sigmund!
Sigmund is heavily wounded.
You shoot an arrow. The arrow hits Sigmund.
Sigmund is heavily wounded.
Sigmund closely misses you.
You shoot an arrow. The arrow barely misses Sigmund.
Sigmund barely misses you.
You shoot an arrow. The arrow completely misses Sigmund.
Sigmund gestures at you while chanting. The puff of flame misses you.
You shoot an arrow.
The arrow hits Sigmund but does no damage.
Sigmund is heavily wounded.
Sigmund closely misses you.
You shoot an arrow. The arrow closely misses Sigmund.
Sigmund hits you from afar with a +0 scythe.
You shoot an arrow. The arrow hits Sigmund!
Sigmund is almost dead.
You shoot an arrow. The arrow closely misses Sigmund.
Sigmund gestures wildly while chanting.
Sigmund flickers and vanishes!
Deactivating autopickup; reactivate with Ctrl-A.
You hear some strange, mumbled words.
You are confused.
You shoot an arrow. Something hits you.
You shoot an arrow.
A magic dart appears from out of thin air!
The magic dart hits you but does no damage.
You shoot an arrow.
You hear some strange, mumbled words.
A puff of flame appears from out of thin air!
The puff of flame hits you!
You shoot an arrow.
You hear some strange, mumbled words.
A puff of flame appears from out of thin air!
The puff of flame hits you but does no damage.
You shoot an arrow. Something hits you!
You die...

..........##
...........##
.......<....# .
............# .#
............# .#
............## ..#
.............##
..#
...........#..#{.#
...........##@..#
...........###..#
..........## .##
........### .#
......# .# #####
.# .# ..


There were no monsters in sight!

Vanquished Creatures
  An orc wizard (D:3)
  An adder (D:2)
  A worm (D:3)
  2 dart slugs (D:2)
  5 orcs (D:3)
  2 bats (D:1)
  2 giant cockroaches
  8 goblins
  5 hobgoblins
  2 jackals (D:2)
  4 kobolds
  A quokka (D:1)
  5 ball pythons
  7 rats
46 creatures vanquished.

Notes
Turn   | Place    | Note
-------+----------+-------------------------------------------
     0 | D:1      | qw the Gargoyle Hunter began the quest for the Orb.
     0 | D:1      | Reached XP level 1. HP: 12/12 MP: 1/1
     0 | D:1      | 0 ||| qw: Version: 0.3-a-76-g4403597
     0 | D:1      | 0 ||| qw: Game counter: 1160
     0 | D:1      | 0 ||| qw: Melee chars always use a shield: true
     0 | D:1      | 0 ||| qw: God list: Okawaru
     0 | D:1      | 0 ||| qw: Allow faded altars: false
     0 | D:1      | 0 ||| qw: Do Orc after clearing Dungeon:15 true
     0 | D:1      | 0 ||| qw: Do second Lair branch before Depths: true
     0 | D:1      | 0 ||| qw: Lair rune preference: random
     0 | D:1      | 0 ||| qw: Goals: Normal
     0 | D:1      | 0 ||| PLANNING D:1-11
   250 | D:1      | Reached XP level 2. HP: 17/17 MP: 2/2
   473 | D:1      | 473 ||| UPGRADING to +2 leather armour of poison
                  | resistance.
   483 | D:1      | 483 ||| DROPPING +0 leather armour.
   484 | D:1      | 484 ||| READING 4 scrolls labelled ZYUMMIZATS.
   488 | D:1      | 488 ||| READING 2 scrolls labelled WEANWEGANA.
   489 | D:1      | 489 ||| DROPPING scroll of butterflies.
   585 | D:2      | Reached XP level 3. HP: 21/21 MP: 3/3
   599 | D:2      | Reached skill level 5 in Ranged Weapons
   649 | D:2      | Found a faded altar of an unknown god.
  1029 | D:2      | 1029 ||| UPGRADING to +0 helmet.
  1034 | D:2      | 1034 ||| UPGRADING to +0 pair of gloves.
  1039 | D:2      | 1039 ||| READING 2 scrolls labelled KAIQIS WESM.
  1040 | D:2      | 1040 ||| READING scroll labelled KEEGAR TASSAS.
  1041 | D:2      | 1041 ||| READING scroll labelled MAWKES JAZXUMP.
  1142 | D:2      | 1142 ||| READING 2 scrolls of identify.
  1142 | D:2      | 1142 ||| IDENTIFYING amethyst potion
  1143 | D:2      | 1143 ||| DROPPING scroll of noise.
  1175 | D:3      | 1175 ||| RETREATING.
  1177 | D:3      | 1177 ||| RETREATING.
  1216 | D:3      | Reached skill level 3 in Fighting
  1216 | D:3      | Reached XP level 4. HP: 27/28 MP: 4/4
  1266 | D:3      | Found a runed translucent door.
  1266 | D:3      | Noticed qw's ghost (amateur GrHu)
  1357 | D:3      | Reached skill level 1 in Armour
  1784 | D:3      | 1784 ||| READING 3 scrolls labelled BEISSYSONWO.
  1785 | D:3      | 1785 ||| READING scroll labelled RUPROU VALY.
  1786 | D:3      | 1786 ||| DRINKING 2 fizzy ruby potions.
  1787 | D:3      | 1787 ||| DROPPING 2 scrolls of vulnerability.
  1816 | D:4      | Noticed Sigmund
  1833 | D:4      | Slain by Sigmund

Levels and vault maps discovered:
D:1:      minmay_arrival_up_and_down, layout_basic
D:2:      layout_rooms, basic_ecumenical_altar
D:3:      layout_loops_ring, hellmonk_ghost_happy_afterlife
D:4:      layout_cave_pods, okawaru_gym_becter, minmay_fountain_box,
          uniq_edmund, uniq_sigmund

Skill      XL: |  1  2  3  4 |
---------------+-------------+-----
Ranged Weapons | 5 |  5.1
Fighting       | 3 |  3.5
Armour         | 1 |  1.0
Dodging        | |  1.5
Stealth        | |  1.1

Action                     |  1- 3 |  4- 6 || total
---------------------------+-------+-------++-------
   Fire: Shortbow          |   111 |    46 ||   157
    Use: Scroll            |     6 |     2 ||     8
         Potion            |       |     1 ||     1
 Armour: Leather armour    |    44 |    14 ||    58
  Dodge: Dodged            |    27 |    13 ||    40

Table legend:
 A = Non-vault XP
 B = Vault XP
 C = Vault XP percentage of total XP
 D = Non-vault monster count
 E = Vault monster count
 F = Vault count percentage of total count
                 A         B        C        D         E       F
            +---------+---------+-------+---------+---------+-------
      Total |     134 |       0 |   0.0 |      46 |       0 |   0.0
            +---------+---------+-------+---------+---------+-------
        D:1 |      17 |       0 |   0.0 |      10 |       0 |   0.0
        D:2 |      44 |       0 |   0.0 |      17 |       0 |   0.0
        D:3 |      72 |       0 |   0.0 |      18 |       0 |   0.0
        D:4 |       1 |       0 |   0.0 |       1 |       0 |   0.0
            +---------+---------+-------+---------+---------+-------
